 Dungeon Crawl Stone Soup version 0.29-a0-541-gaf1fc19f1b (webtiles) character file.

Game seed: 6098258292782635933

25 Hubjo the Firebug (level 2, -5/16 HPs)
             Began as a Deep Elf Fire Elementalist on June 2, 2022.
             Slain by an iguana (8 damage)
             ... on level 2 of the Dungeon.
             The game lasted 00:00:57 (1514 turns).

Hubjo the Firebug (Deep Elf Fire Elementalist)      Turns: 1514, Time: 00:00:59

Health: -5/16      AC:  2    Str:  5    XL:     2   Next: 86%
Magic:  0/8        EV: 12    Int: 19    God:
Gold:   38         SH:  0    Dex: 15    Spells: 6/7 levels left

rFire   . . .      SeeInvis .   (no weapon)
rCold   . . .      Faith    .   (no shield)
rNeg    . . .      Spirit   .   a - +0 robe
rPois   .          Reflect  .   (no helmet)
rElec   .          Harm     .   (no cloak)
rCorr   .          Rampage  .   (no gloves)
Will    .....                   (no boots)
Stlth   ++........              (no amulet)
HPRegen 0.05/turn               (no ring)
MPRegen 0.11/turn               (no ring)

@: no status effects
A: no striking features
a: no special abilities


You were on level 2 of the Dungeon.
You visited 1 branch of the dungeon, and saw 2 of its levels.

You collected 38 gold pieces.

Inventory:

Armour
 a - a +0 robe (worn)
Scrolls
 d - 2 scrolls of teleportation {unknown}
 h - a scroll of immolation {unknown}
 i - 2 scrolls of blinking {unknown}
 j - a scroll of identify {unknown}
 k - 2 scrolls of fog {unknown}
 l - a scroll of fear {unknown}
Potions
 b - a potion of magic
 c - a potion of brilliance {unknown}
 e - 2 potions of curing
 f - 2 potions of flight {unknown}
 g - a potion of heal wounds {unknown}


   Skills:
 * Level 1.2 Fighting
 - Level 2.4 Dodging
 + Level 2.9 Stealth
 + Level 3.4 Spellcasting
 - Level 1.1 Conjurations
 + Level 3.5 Fire Magic


You had 6 spell levels left.
You knew the following spells:

 Your Spells              Type           Power      Damage    Failure   Level
a - Foxfire               Conj/Fire      48%        2x1d6     5%          1

Your spell library contained the following spells:

 Spells                   Type           Power      Damage    Failure   Level
 Scorch                   Fire           32%        2d7       4%          2
 Conjure Flame            Conj/Fire      12%        6-21      17%         3
 Inner Flame              Hex/Fire       10%        N/A       22%         3
 Flame Wave               Conj/Fire      12%        2d6       50%         4


Dungeon Overview and Level Annotations

Branches:
Dungeon (2/15)

Altars:


Message History

The iguana is moderately wounded.
The iguana bites you.
You conjure some foxfire!
The foxfire hits the iguana but does no damage.
The iguana is moderately wounded.
The foxfire hits the iguana.
The iguana is heavily wounded.
The iguana bites you!
Ouch! That really hurt!
* * * LOW HITPOINT WARNING * * *
It was a potion of curing.
You feel better.
The foxfire hits the iguana.
The iguana is heavily wounded.
The foxfire hits the iguana.
The iguana is severely wounded.
The iguana bites you.
* * * LOW HITPOINT WARNING * * *
Casting: Foxfire (safe; 5% risk of failure)
Confirm with . or Enter, or press ? or * to list all spells.
You conjure some foxfire!
The iguana bites you but does no damage.
You closely miss the iguana.
The iguana is severely wounded.
The foxfire hits the iguana.
The iguana is severely wounded.
The foxfire hits the iguana but does no damage.
The iguana is severely wounded.
The iguana barely misses you.
Casting: Foxfire (safe; 5% risk of failure)
Confirm with . or Enter, or press ? or * to list all spells.
You conjure some foxfire!
The iguana barely misses you.
Casting: Foxfire (safe; 5% risk of failure)
Confirm with . or Enter, or press ? or * to list all spells.
You conjure some foxfire!
The foxfire hits the iguana but does no damage.
The iguana is severely wounded.
The foxfire hits the iguana.
The iguana is almost dead.
The iguana bites you!
Ouch! That really hurt!
You die...

... ..... ....# ...#
#.#.# #... ..# #.#.#
#.#... ..# #.#.# #.#...
..# #.#v####### ##.#..#
#.###.#@....... #.....#
#.##..§vl[..... #.....#
#.##....#......
#.....###.##.##.##.....
##.............#.#
.....
#.....#.#####.##.# ....
#................# ...
#...<###.####.##.# ##+
#..........##.# .#


You could see an iguana (ally target).

Vanquished Creatures
  A dart slug (D:1)
  A bat (D:1)
  3 endoplasms (D:1)
  2 goblins (D:1)
  5 hobgoblins (D:1)
  A kobold (D:1)
  3 quokkas
  2 frilled lizards (D:1)
  A rat (D:2)
19 creatures vanquished.

Vanquished Creatures (others)
  123 foxfires
123 creatures vanquished.

Grand Total: 142 creatures vanquished

Notes
Turn   | Place    | Note
-------+----------+-------------------------------------------
     0 | D:1      | Hubjo the Deep Elf Fire Elementalist began the quest for
                  | the Orb.
     0 | D:1      | Reached XP level 1. HP: 10/10 MP: 6/6
   175 | D:1      | Reached XP level 2. HP: 16/16 MP: 5/8
   501 | D:1      | Reached skill level 1 in Fighting
  1242 | D:1      | Found a faded altar of an unknown god.
  1514 | D:2      | Slain by an iguana

Illustrated notes

Levels and vault maps discovered:
D:1:      heliophobic_arrival_ceremonial_halls, layout_basic,
          hellmonk_ecumenical_altar_crossroads
D:2:      layout_basic

Skill      XL: |  1  2 |
---------------+-------+-----
Fighting       | 1 |  1.2
Dodging        | |  2.4
Stealth        | |  2.9
Spellcasting   | |  3.4
Conjurations   | |  1.1
Fire Magic     | |  3.5

Action                   || total
-------------------------++-------
Melee: Unarmed           ||     4
 Cast: Foxfire           ||    74
  Use: Potion            ||     1
Armor: Robe              ||     1
Dodge: Dodged            ||     6

Table legend: (Time is in decaauts)
 A = Elapsed time spent in this place.
 B = Non-inter-level travel time spent in this place.
 C = Inter-level travel time spent in this place.
 D = Time resting spent in this place.
 E = Time spent auto-exploring this place.
 F = Levels seen in this place.
 G = Mean time per level.
                   A        B        C        D        E       F      G
               +--------+--------+--------+--------+--------+-----+--------+
         Total |   1513 |   1513 |      0 |      0 |   1352 |   2 |  756.5 |
       Dungeon |   1513 |   1513 |      0 |      0 |   1352 |   2 |  756.5 |
               +--------+--------+--------+--------+--------+-----+--------+

Top non-repeatable levels by time:
     D:1: 1347 daAuts
     D:2: 166 daAuts
